AoeStats
← AiM | Facu1414

Arena

507194933Analyzed
4v4 RM · 16d ago on Sep 17, 2026· 9m 31s· 8 players
Game mode
Random Map
Map size
Large (8 player)
Population
200
Speed
Normal
Resources
Standard
Victory
Conquest
Starting age
Dark Age
Ending age
Imperial Age
RankedLock teamsTeams togetherTeam positionsShared explorationLock speedFull tech treeHidden civsTurbo modeCheats
Victory
Defeat
🇦🇷 Portuguese · Argentina
1579
+14
🇲🇽 Hindustanis · Mexico
1530
+16
🇨🇱 Spanish · Chile
1529
+16
🇦🇷 Cumans · Argentina
1504
+17
🇲🇽 Cumans · Mexico
1620
-18
🇨🇦 Persians · Canada
1527
-16
🇲🇽 Teutons · Mexico
1507
-15
🇺🇸 Burgundians · United States
1483
-14
edengr7
9:08 Feudal Age
[DH]Howl Jenkins
8:45 Feudal Age
Persian Assassin
10:53 Feudal Age
el_Feist
AiM | Fubuki Sinri
9:47 Feudal Age
AiM | PoRRo
7:37 Loom
10:07 Feudal Age
AiM | Facu1414
6:12 Loom
8:49 Feudal Age
AIM | Agua cate 98
6:52 Loom
9:23 Feudal Age
Connection lost

Rejoining the realm…

Still unreachable

The connection could not be restored.

Session expired

The server has moved on; the page needs a fresh start.